 Dungeon Sprint DCSS version 0.30-a0-528-g8c47a4955b (webtiles) character file.

Game seed: 10279670615390983084

17957 mhtbhm the Severer (level 12, -11/135 HPs)
             Began as a Gargoyle Fighter on Dec 24, 2022.
             Was the Champion of Trog.
             Mangled by a wolf spider (16 damage)
             ... summoned by a broodmother
             ... in the Dungeon (Sprint V: "Ziggurat Sprint").
             The game lasted 00:03:53 (697 turns).

mhtbhm the Severer (Gargoyle Fighter)                Turns: 697, Time: 00:03:53

Health: -11/135    AC: 32    Str: 34    XL:     12   Next: 53%
Magic:  12/12      EV:  5    Int: 12    God:    Trog [******]
Gold:   0          SH: 32    Dex: 13    Spells: 11/11 levels left

rFire   + . .      SeeInvis +    a - +14 obsidian axe {vorpal, Mesm Drain Fly SInv}
rCold   + . .      Faith    +    c - +18 shield of the Gong {rElec rN+ Will+ EV-5}
rNeg    + + +      Spirit   .    b - +5 gold dragon scales
rPois   ∞          Reflect  .    (no helmet)
rElec   +          Harm     .    (no cloak)
rCorr   .          Rampage  .    (no gloves)
Will    +....      NoTele   +    (no boots)
Stlth   x                          - amulet of faith
HPRegen 0.42/turn                G - ring of Ashenzari's Supremacy {Drain rN+ EV+4 Str+4 Int+2 Dex+4}
MPRegen 0.13/turn                A - +6 ring of strength

@: berserking, flying, mesmerised, slowed
A: sickness immunity, AC +8, negative energy resistance 1, electricity
resistance, torment resistance 1, petrification resistance
a: Renounce Religion, Berserk, Trog's Hand, Brothers in Arms


You were in the Dungeon.
You worshipped Trog.
Trog was exalted by your worship.
You visited 1 branch

Inventory:

Hand Weapons
 a - the +14 obsidian axe (weapon) {vorpal, Mesm Drain Fly SInv}
   (You found it in the Dungeon)

   It inflicts extra damage upon your enemies.
   It occasionally summons demons to assist the wielder when it strikes in
   combat.
   Its wielder is mesmerised by any visible foes.
   It cannot be unequipped while any foes are visible.
   SInv:      It lets you see invisible.
   Fly:       It grants you flight.
   Drain:     It drains your maximum health when unequipped.
 F - the +12 broad axe "Exzent" {vorpal, *Corrode rF++}
   (Trog gifted it to you in the Dungeon)

   It inflicts extra damage upon your enemies.
   rF:        It greatly protects you from fire.
   *Corrode:  It may corrode you when you take damage.
 I - the +8 demon blade "Leech" {vamp, Harm Drain rN+}
   (You found it in the Dungeon)

   It heals its wielder for a portion of the damage dealt every time it strikes
   a living foe.
   rN:        It protects you from negative energy.
   Drain:     It drains your maximum health when unequipped.
   Harm:      It increases damage dealt and taken.
Armour
 b - +5 gold dragon scales (worn)
 c - the +18 shield of the Gong (worn) {rElec rN+ Will+ EV-5}
   (You found it in the Dungeon)

   It is deafeningly noisy when blocking attacks.
   EV:        It affects your evasion (-5).
   rElec:     It insulates you from electricity.
   rN:        It protects you from negative energy.
   Will:      It increases your willpower.
Jewellery
 u - the ring "Perel" {Wiz SInv}
   (You found it in the Dungeon)

   [ring of wizardry]

   It improves your spell success rate.
   SInv:      It lets you see invisible.
 x - an amulet of faith (around neck)
 A - a +6 ring of strength (right hand)
 D - a ring of resist corrosion
 E - the amulet of Gioczuor {Acrobat Rampage rPois}
   (You found it in the Dungeon)

   [amulet of the acrobat]

   It increases your evasion while moving and waiting.
   rPois:     It protects you from poison.
   Rampage:   It bestows one free step when moving towards enemies.
 G - the ring of Ashenzari's Supremacy (left hand) {Drain rN+ EV+4 Str+4 Int+2 Dex+4}
   (You found it in the Dungeon)

   [ring of evasion]

   EV:        It affects your evasion (+4).
   Str:       It affects your strength (+4).
   Int:       It affects your intelligence (+2).
   Dex:       It affects your dexterity (+4).
   rN:        It protects you from negative energy.
   Drain:     It drains your maximum health when unequipped.
Wands
 s - a wand of mindburst (5)
 t - a wand of acid (6)
Scrolls
 j - 4 scrolls of blinking
 o - 4 scrolls of amnesia
 p - 7 scrolls of fog
 q - 5 scrolls of identify
 r - 2 scrolls of fear
 w - 2 scrolls of brand weapon
Potions
 d - 6 potions of might
 e - 10 potions of curing
 f - 8 potions of heal wounds
 g - 6 potions of haste
 h - 7 potions of magic
 i - 2 potions of berserk rage
 k - 2 potions of brilliance
 l - 2 potions of invisibility
 m - 4 potions of resistance
 n - a potion of experience
Miscellaneous
 v - a box of beasts
 y - a tin of tremorstones (2/2)
 B - a lightning rod (4/4)
 C - a phantom mirror


   Skills:
 + Level 16.6 Fighting
 + Level 19.1 Axes
 + Level 12.7 Armour
 + Level 16.5 Shields
 + Level 2.8 Evocations


You had 11 spell levels left.
You didn't know any spells.
Your spell library was empty.

Dungeon Overview and Level Annotations

Branches:
Dungeon (1/1)

Altars:
Ashenzari
Cheibriados
Dithmenos
Elyvilon
Fedhas
Gozag
Hepliaklqana
Kikubaaqudgha
Makhleb
Nemelex Xobeh
Okawaru
Qazlal
Ru
Sif Muna
Trog
Uskayaw
Vehumet
Wu Jian
Xom
Yredelemnul
Zin
The Shining One
Jiyva
Lugonu

Annotations:
D 1 transporter


Innate Abilities, Weirdness & Mutations

You are immune to sickness and miasma.
Your stone body is resilient. (AC +8)
You are immune to poison.
You resist negative energy. (rN+)
You are resistant to electric shocks. (rElec)
You are resistant to unholy torment.
You are immune to petrification.


Message History

A red film seems to cover your vision as you go berserk!
You feel yourself moving faster!
You feel mighty!
Visions of slaying the culicivora flood into your mind.
You block the wolf spider's attack.
GONNNNG!
You block the wolf spider's attack.
GONNNNG!
The wolf spider hits you!
The wolf spider bites you but does no damage.
You block the tarantella's attack.
GONNNNG!
The tarantella touches your ynoxinul! The culicivora barely misses you.
You block the entropy weaver's attack.
GONNNNG!
The entropy weaver hits you but does no damage.
You block the entropy weaver's attack.
SHROANNG!
The entropy weaver barely misses you. The wolf spider hits you!
* * * LOW HITPOINT WARNING * * *
The wolf spider bites you.
* * * LOW HITPOINT WARNING * * *
The wolf spider hits you but does no damage.
The wolf spider bites you but does no damage.
The redback bites your ynoxinul!!
Your ynoxinul dies!
Your ynoxinul disappears in a puff of smoke!
The tarantella barely misses you. The tarantella touches you.
* * * LOW HITPOINT WARNING * * *
The culicivora bites you but does no damage.
You block the entropy weaver's attack.
PANG!
The entropy weaver hits you but does no damage. x2
You block the entropy weaver's attack.
GONNNNG!
The wolf spider hits you!!
* * * LOW HITPOINT WARNING * * *
You block the wolf spider's attack.
PANG!
The wolf spider hits you!
You die...

▓▓▓▓▓▓▓▓▓▓▓▓
▓...8©8...▓...8©8...▓.
▓.."))|=}.▓..}[||[..▓.
▓..[::}|..▓..|).|)..▓.
▓.........▓.........▓.
▓....s....▓....=....▓.
▓..sysBw..▓...)()...▓.
▓..ysBsss.▓...())...▓.
▓..▓s@s▓..▓...))(...▓.
▓.▓.s§s.▓.▓.........▓.
▓....©s...▓....©....▓▓
▓▓▓▓▓▓▓▓▓▓▓▓▓▓▓▓▓▓▓▓▓


You could see a broodmother, a radroach, an entropy weaver, a torpor snail, 3
wolf spiders, a moth of wrath, an orb spider, 2 culicivoras, a hornet, a jumping
spider, 2 tarantellas and 2 redbacks.

Vanquished Creatures
  4 stone giants (D)
  A very ugly thing (D)
  6 vault guards (D)
  2 dancing weapons (D)
  A deep elf knight (D)
  A harpy (D)
  A deep elf archer (D)
  2 deep elf zephyrmancers (D)
  An ugly thing (D)
  A wolf spider (D)
  A deep elf pyromancer (D)
  A vault sentinel (D)
  A yaktaur (D)
  An air elemental (D)
  A water elemental (D)
  A fire elemental (D)
  A steam dragon (shapeshifter) (D)
  A warg (shapeshifter) (D)
  2 nagas (D)
  4 water moccasins (D)
  2 wolves (D)
  A bullfrog (D)
  A bullfrog (shapeshifter) (D)
  A quasit (D)
  4 adders (D)
  A shadow imp (D)
  A white imp (D)
  3 ball pythons (D)
48 creatures vanquished.

Vanquished Creatures (collateral kills)
  A very ugly thing (D)
  A deep elf archer (D)
  A deep elf zephyrmancer (D)
  2 black mambas (D)
  A naga mage (D)
  2 komodo dragons (D)
  2 nagas (D)
  2 water moccasins (D)
  An adder (D)
  A river rat (D)
  3 ball pythons (D)
17 creatures vanquished.

Grand Total: 65 creatures vanquished

Notes
Turn   | Place    | Note
-------+----------+-------------------------------------------
     0 | D        | mhtbhm the Gargoyle Fighter began the quest for the Orb.
     0 | D        | Reached XP level 1. HP: 14/14 MP: 1/1
    16 | D        | Found a shimmering blue altar of Sif Muna.
    16 | D        | Found a bloodstained altar of Trog.
    16 | D        | Found a sacrificial altar of Ru.
    16 | D        | Found a stormy altar of Qazlal.
    16 | D        | Found an iron altar of Okawaru.
    17 | D        | Found a sparkling altar of Nemelex Xobeh.
    17 | D        | Found a blossoming altar of Fedhas.
    17 | D        | Found the +6 Majin-Bo {vamp, MP+6 Int+6}
    17 | D        | Found the +27 heavy crossbow "Sniper" {vorpal, Acc+∞ SInv}
    17 | D        | Found the +10 dark maul {vorpal}
    17 | D        | Found the +15 Maxwell's patent armour {-Cast -Tele rElec
                  | Will+ rCorr}
    17 | D        | Found the +18 shield of the Gong {rElec rN+ Will+ EV-5}
    17 | D        | Found the +14 obsidian axe {vorpal, Mesm Drain Fly SInv}
    17 | D        | Found the +7 great mace "Firestarter" {inner flame, rF++}
    17 | D        | Found the +6 shillelagh "Devastator" {shatter}
    17 | D        | Found the +11 plutonium sword {Contam Stlth-}
    17 | D        | Found the +8 lance "Wyrmbane" {slay drac, rPois rF+ rC+
                  | AC+3}
    17 | D        | Found the +9 sword of Zonguldrok {reap}
    17 | D        | Found the +13 scythe of Curses {drain, Drain}
    17 | D        | Found the +5 sword of Power {vorpal}
    17 | D        | Found the +7 mace of Variability {chain chaos}
    17 | D        | Found the +7 Singing Sword {vorpal, sonic wave}
    17 | D        | Found the +8 storm bow {elec, penet}
    19 | D        | Found a transporter.
    19 | D        | Found an ancient bone altar of Kikubaaqudgha.
    19 | D        | Found a viscous altar of Jiyva.
    19 | D        | Found a corrupted altar of Lugonu.
    19 | D        | Found a hazy altar of Hepliaklqana.
    19 | D        | Found a burning altar of Makhleb.
    19 | D        | Found an opulent altar of Gozag.
    93 | D        | Became a worshipper of Trog the Wrathful
   114 | D        | Entered arena 2.
   114 | D        | Found a transporter.
   121 | D        | Reached skill level 2 in Axes
   123 | D        | Got the ring "Perel" {Wiz SInv}
   129 | D        | Entered arena 3.
   129 | D        | Noticed a quasit
   129 | D        | Found a transporter.
   132 | D        | Reached * piety under Trog
   133 | D        | Reached XP level 2. HP: 16/20 MP: 2/2
   134 | D        | Reached skill level 5 in Fighting
   134 | D        | Reached skill level 5 in Shields
   134 | D        | Reached XP level 3. HP: 22/26 MP: 3/3
   136 | D        | Reached skill level 3 in Axes
   136 | D        | Reached skill level 5 in Armour
   175 | D        | Entered arena 4.
   175 | D        | Noticed a wyvern
   175 | D        | Noticed a warg
   175 | D        | Noticed a steam dragon
   175 | D        | Noticed a white ugly thing
   175 | D        | Found a transporter.
   176 | D        | a wyvern changed into a bullfrog
   176 | D        | Noticed a bullfrog (shapeshifter)
   179 | D        | Killed a warg
   179 | D        | Reached ** piety under Trog
   180 | D        | Reached skill level 4 in Axes
   180 | D        | Reached XP level 4. HP: 32/32 MP: 4/4
   180 | D        | Reached XP level 5. HP: 37/37 MP: 5/5
   182 | D        | Reached skill level 5 in Axes
   182 | D        | Reached XP level 6. HP: 44/44 MP: 6/6
   182 | D        | Killed a white ugly thing
   182 | D        | Killed a steam dragon
   183 | D        | Reached skill level 8 in Axes
   183 | D        | Reached skill level 1 in Evocations
   183 | D        | Reached XP level 7. HP: 52/52 MP: 7/7
   230 | D        | Entered arena 5.
   230 | D        | Noticed a fire elemental
   230 | D        | Noticed a water elemental
   230 | D        | Noticed an air elemental
   230 | D        | Noticed a +3 hand axe of flaming
   230 | D        | Found a transporter.
   230 | D        | Paralysed by an air elemental for 1 turns
   233 | D        | Killed a fire elemental
   233 | D        | Reached *** piety under Trog
   234 | D        | Reached skill level 10 in Fighting
   234 | D        | Reached XP level 8. HP: 57/57 MP: 8/8
   236 | D        | Killed a +3 hand axe of flaming
   237 | D        | Reached skill level 9 in Axes
   237 | D        | Reached skill level 10 in Armour
   237 | D        | Reached skill level 10 in Shields
   237 | D        | Killed an air elemental
   237 | D        | Killed a water elemental
   238 | D        | Reached skill level 10 in Axes
   238 | D        | Reached XP level 9. HP: 56/64 MP: 9/9
   318 | D        | Entered arena 6.
   318 | D        | Noticed a vault sentinel
   318 | D        | Noticed a yaktaur
   318 | D        | Noticed a brown very ugly thing
   318 | D        | Noticed a cyan very ugly thing
   318 | D        | Noticed a harpy
   318 | D        | Found a transporter.
   324 | D        | Killed a brown very ugly thing
   324 | D        | Reached **** piety under Trog
   325 | D        | Reached skill level 11 in Axes
   326 | D        | Killed a harpy
   326 | D        | Killed a vault sentinel
   327 | D        | Reached skill level 12 in Axes
   327 | D        | Reached XP level 10. HP: 72/72 MP: 10/10
   328 | D        | Reached ***** piety under Trog
   328 | D        | Killed a brown very ugly thing
   329 | D        | Reached skill level 13 in Axes
   361 | D        | Entered arena 7.
   362 | D        | Found a transporter.
   366 | D        | Identified the +1 war axe "Yhunos" {vorpal, Dex+4} (Trog
                  | gifted it to you in the Dungeon)
   366 | D        | Received a gift from Trog
   369 | D        | Reached skill level 14 in Axes
   377 | D        | Entered arena 8.
   378 | D        | Found a transporter.
   383 | D        | Received a gift from Trog
   403 | D        | Entered arena 9.
   403 | D        | Noticed a naga mage
   403 | D        | Noticed a black mamba
   404 | D        | Found a transporter.
   405 | D        | Killed a black mamba
   405 | D        | Reached ****** piety under Trog
   408 | D        | Killed a naga mage
   420 | D        | Entered arena 10.
   420 | D        | Noticed a +1 hand axe of flaming
   420 | D        | Noticed a deep elf zephyrmancer
   420 | D        | Noticed a deep elf archer
   420 | D        | Noticed a deep elf pyromancer
   420 | D        | Noticed a deep elf zephyrmancer
   420 | D        | Noticed a deep elf zephyrmancer
   420 | D        | Noticed a deep elf archer
   420 | D        | Noticed a deep elf knight
   421 | D        | Found a transporter.
   424 | D        | Killed a +1 hand axe of flaming
   424 | D        | Received a gift from Trog
   424 | D        | Killed a deep elf archer
   425 | D        | Reached skill level 15 in Axes
   425 | D        | Reached XP level 11. HP: 80/80 MP: 11/11
   425 | D        | Killed a deep elf zephyrmancer
   428 | D        | Killed a deep elf knight
   428 | D        | Identified the +12 broad axe "Exzent" {vorpal, *Corrode
                  | rF++} (Trog gifted it to you in the Dungeon)
   428 | D        | Received a gift from Trog
   430 | D        | Killed a deep elf zephyrmancer
   431 | D        | Reached skill level 16 in Axes
   431 | D        | Killed a deep elf archer
   431 | D        | Killed a deep elf zephyrmancer
   431 | D        | Received a gift from Trog
   435 | D        | Killed a deep elf pyromancer
   521 | D        | Entered arena 11.
   521 | D        | Found the +8 demon blade "Leech" {vamp, Harm Drain rN+}
   522 | D        | Found a transporter.
   525 | D        | Received a gift from Trog
   526 | D        | Reached skill level 15 in Fighting
   530 | D        | Reached skill level 17 in Axes
   532 | D        | Got the amulet of Gioczuor {Acrobat Rampage rPois}
   534 | D        | Got the ring of Ashenzari's Supremacy {Drain rN+ EV+4 Str+4
                  | Int+2 Dex+4}
   550 | D        | Entered arena 12.
   550 | D        | Noticed a stone giant
   550 | D        | Noticed a vault guard
   550 | D        | Noticed a stone giant
   550 | D        | Noticed a stone giant
   550 | D        | Noticed a vault guard
   551 | D        | Noticed a vault guard
   551 | D        | Noticed a vault guard
   551 | D        | Noticed a vault guard
   551 | D        | Noticed a stone giant
   551 | D        | Noticed a vault guard
   552 | D        | Found a transporter.
   556 | D        | Killed a vault guard
   556 | D        | Received a gift from Trog
   557 | D        | Reached skill level 15 in Shields
   560 | D        | Killed a vault guard
   563 | D        | Killed a stone giant
   563 | D        | Killed a stone giant
   564 | D        | Reached XP level 12. HP: 57/88 MP: 12/12
   564 | D        | Killed a stone giant
   564 | D        | Killed a stone giant
   565 | D        | Reached skill level 18 in Axes
   565 | D        | Killed a vault guard
   565 | D        | Received a gift from Trog
   566 | D        | Killed a vault guard
   566 | D        | Killed a vault guard
   567 | D        | Killed a vault guard
   568 | D        | Reached skill level 19 in Axes
   611 | D        | Got the ring of Robor {+Blink rElec Int+6}
   690 | D        | Entered arena 13.
   690 | D        | Noticed a broodmother
   690 | D        | Noticed a radroach
   691 | D        | Noticed an entropy weaver
   692 | D        | Found a transporter.
   697 | D        | HP: 5/135 [wolf spider[a broodmother] (24)]
   697 | D        | Mangled by a wolf spider

Illustrated notes

Levels and vault maps discovered:
D:        sprint_v [room_start, room_1, room_2, room_3, room_4, room_5, room_6,
          room_7, room_8, room_9, room_10, room_11, room_12, room_13, room_14,
          room_15, room_16, room_17, room_18, room_19, room_20, room_21,
          room_22, room_23, room_24, room_25, room_26, room_27]

Skill      XL: |  1  2  3  4  5  6  7  8  9 10 11 12 |
---------------+-------------------------------------+-----
Axes           | 2 4 5 8 10 12 15 17 19 | 19.1
Fighting       | 4 5 6 7 9 10 11 12 14 15 16 | 16.6
Armour         | 4 6 7 9 10 11 12 | 12.7
Shields        | 4 5 7 9 11 12 13 15 16 | 16.5
Evocations     | 1 2 |  2.8

Action                   |  1- 3 |  4- 6 |  7- 9 | 10-12 || total
-------------------------+-------+-------+-------+-------++-------
Melee: Broad axe         |     9 |     3 |    11 |    43 ||    66
Invok: Berserk           |       |       |     2 |     3 ||     5
Evoke: Wand              |     3 |       |       |       ||     3
  Use: Potion            |     1 |       |       |     2 ||     3
Armor: Gold dragon scale |    10 |     1 |    12 |    48 ||    71
Dodge: Dodged            |       |       |     1 |    13 ||    14
Block: Kite shield       |    21 |     5 |    24 |    99 ||   149

Table legend: (Time is in decaauts)
 A = Elapsed time spent in this place.
 B = Non-inter-level travel time spent in this place.
 C = Inter-level travel time spent in this place.
 D = Time resting spent in this place.
 E = Time spent auto-exploring this place.
 F = Levels seen in this place.
 G = Mean time per level.
                   A        B        C        D        E       F      G
               +--------+--------+--------+--------+--------+-----+--------+
         Total |    739 |    739 |      0 |    307 |      0 |   1 |  739.0 |
       Dungeon |    739 |    739 |      0 |    307 |      0 |   1 |  739.0 |
               +--------+--------+--------+--------+--------+-----+--------+

Top non-repeatable levels by time:
       D: 739 daAuts
